 Dungeon Crawl Stone Soup version 0.18.1-48-g4cf74bf (webtiles) character file.

55 Heedrag the Conjurer (level 3, -7/19 HPs)
             Began as a Deep Elf Conjurer on Aug 27, 2016.
             Killed from afar by Heedrag's ghost (12 damage)
             ... with a magic dart
             ... on level 3 of the Dungeon.
             The game lasted 00:02:15 (1599 turns).

Heedrag the Conjurer (Deep Elf Conjurer)            Turns: 1599, Time: 00:02:16

Health: -7/19      AC:  2    Str:  6    XL:     3   Next: 67%
Magic:  3/10       EV: 13    Int: 19    God:
Gold:   126        SH:  0    Dex: 15    Spells: 1 memorised, 9 levels left

rFire  . . .     SeeInvis .     (no weapon)
rCold  . . .     Gourm    .     a - +0 robe
rNeg   . . .     Faith    .     (no shield)
rPois  .         Spirit   .     (no helmet)
rElec  .         Dismiss  .     (no cloak)
rCorr  .         Reflect  .     (no gloves)
SustAt +         Harm     .     (no boots)
MR     .....                    (no amulet)
Stlth  ++........               (no ring)
                                p - ring of sustain attributes

@: not resistant to hostile enchantments, unstealthy
A: no striking features
a: no special abilities


You were on level 3 of the Dungeon.
You were not hungry.

You visited 1 branch of the dungeon, and saw 3 of its levels.

You collected 126 gold pieces.

Inventory:

Missiles
 g - 3 javelins (quivered)
Armour
 a - a +0 robe (worn)
Jewellery
 p - a ring of sustain attributes (left hand)
Wands
 l - a wand of flame (41/48)
Scrolls
 f - a scroll of identify {unknown}
 i - a scroll of remove curse {unknown}
 j - a scroll of enchant armour {unknown}
 n - a scroll of immolation {unknown}
 o - a scroll of teleportation {unknown}
Potions
 d - a potion of curing {unknown}
 e - 2 potions of flight {unknown}
 h - 2 potions of mutation {unknown}
 m - a potion of agility {unknown}
Books
 b - a book of Conjurations

   Spells                             Type                      Level
   a - Magic Dart                     Conjuration                  1
   b - Searing Ray                    Conjuration                  2
   c - Dazzling Spray                 Conjuration/Hexes            3
   d - Fulminant Prism                Conjuration/Hexes            4
   e - Iskenderun's Mystic Blast      Conjuration                  4
   f - Iskenderun's Battlesphere      Conjuration/Charms           5
Comestibles
 c - a bread ration
 k - 2 fruits
 q - a chunk of flesh
 r - a meat ration


   Skills:
 - Level 2.4 Dodging
 - Level 2.4 Stealth
 + Level 4.2 Spellcasting
 * Level 5.3 Conjurations


You had 9 spell levels left.
You knew the following spells:

 Your Spells              Type           Power        Failure   Level  Hunger
a - Magic Dart            Conj           ###.         1%          1    None


Dungeon Overview and Level Annotations

Branches:
Dungeon (3/15)

Altars:

Annotations:
D:3 Heedrag's ghost, amateur DECj


Message History

Heedrag's ghost closely misses ye.
Castin': Magic Dart Confirm wit' . or Enter, or press ? or * ta list all spells.
Aimin': Magic Dart
Press: ? - help, Shift-Dir - straight line, f/p - Heedrag's ghost
Aim: Heedrag's ghost (severely damaged) Tha magic dart hits Heedrag's ghost.
Heedrag's ghost be severely damaged.
Heedrag's ghost barely misses ye.
Castin': Magic Dart Confirm wit' . or Enter, or press ? or * ta list all spells.
Aimin': Magic Dart
Press: ? - help, Shift-Dir - straight line, f/p - Heedrag's ghost
Aim: Heedrag's ghost (severely damaged) Tha magic dart hits Heedrag's ghost.
Heedrag's ghost be almost destroyed.
Heedrag's ghost casts a spell at ye.
Tha magic dart hits ye!
Ouch! Tha re'lly hurt!
Ye die...

........# #.....# ##.(.#
#.. ........######.## #. #
#.. #######......W.# .. #..
#..####### #.. #..# #..
#.W####### #.. #........#
### #.#####.####### #.#
#..W@...# #.# #########
#.#########################
#..........................
###########################


You could see Heedrag's ghost.

Vanquished Creatures
  2 adders (D:2)
  2 oozes (D:2)
  An adder zombie (D:3)
  A worm (D:2)
  A dart slug (D:3)
  2 ball pythons (D:2)
  3 goblins
  2 hobgoblins
  3 kobolds
  2 bats
  4 rats
23 creatures vanquished.

Notes
Turn   | Place    | Note
--------------------------------------------------------------
     0 | D:1      | Heedrag the Deep Elf Conjurer began the quest for the Orb.
     0 | D:1      | Reached XP level 1. HP: 10/10 MP: 6/6
   684 | D:2      | Reached XP level 2. HP: 15/15 MP: 5/8
   773 | D:2      | Reached skill level 5 in Conjurations
   802 | D:2      | Reached XP level 3. HP: 14/19 MP: 8/10
  1559 | D:3      | Noticed Heedrag's ghost (amateur DECj)
  1599 | D:3      | Killed from afar by Heedrag's ghost

Skill      XL: |  1  2  3 |
---------------+----------+-----
Conjurations   | 5 |  5.3
Spellcasting   | 4 |  4.2
Dodging        | |  2.4
Stealth        | |  2.4

Action                   || total
-------------------------++-------
 Cast: Magic Dart        ||    65
  Eat: Chunk             ||     2
Armor: Robe              ||     2
Dodge: Dodged            ||     4
